 Dungeon Sprint DCSS version 0.30-a0-279-g4b46babb21 (webtiles) character file.

Game seed: 14036524122237126992

167 rocky1 the Sneak (level 5, -9/52 HPs)
             Began as a Djinni Fire Elementalist on Oct 17, 2022.
             Was an Initiate of Cheibriados.
             Mangled by a queen bee (18 damage)
             ... in the Dungeon (Sprint IV: "Fedhas' Mad Dash").
             The game lasted 00:03:18 (827 turns).

rocky1 the Sneak (Djinni Fire Elementalist)          Turns: 827, Time: 00:03:18

Health: -9/52      AC:  3    Str:  8    XL:     5   Next: 76%
Gold:   63         EV: 11    Int: 19    God:    Cheibriados [......] SH:  0 Dex: 15

rFire   + + .      SeeInvis .    (no weapon)
rCold   x . .      Faith    .    (no shield)
rNeg    . . .      Spirit   .    i - +0 leather armour
rPois   ∞          Reflect  .    (no helmet)
rElec   .          Harm     .    (no cloak)
rCorr   .          Rampage  .    (no gloves)
Will    .....      NoTele   +    (boots unavailable)
Stlth   ..........               h - amulet of invisibility {+Inv}
HPRegen 0.28/turn                (no ring)
MPRegen 0.00/turn                (no ring)

@: berserking (expiring), flying, very slightly contaminated, invisible
(expiring), very slow
A: sickness immunity, fire resistance 2, cold vulnerability 1, float, innate
caster, HP casting, extra vitality 1
a: Renounce Religion, Evoke Invisibility


You were in the Dungeon.
You worshipped Cheibriados.
Cheibriados was noncommittal.
You visited 1 branch You collected 63 gold pieces.

Inventory:

Armour
 a - a +0 robe
 i - a +0 leather armour (worn)
Jewellery
 h - the amulet of invisibility (around neck) {+Inv}
   (You found it in the Dungeon)

   [amulet of nothing]

   +Inv:      It lets you turn invisible.
Scrolls
 f - a scroll of blinking
 g - a scroll of amnesia {unknown}
Potions
 b - a potion of curing
 d - a potion of haste


   Skills:
 - Level 2.1 Dodging
 + Level 7.1 Stealth
 + Level 6.3 Spellcasting


You couldn't memorise any spells.
You knew the following spells:

 Your Spells              Type           Power      Damage    Failure   Level
a - Foxfire               Conj/Fire      100%       2x1d9     1%          1
b - Scorch                Fire           58%        2d8       1%          2
c - Kindle Blastsparks    Fire/Tloc/Air  58%        2d14      3%          3
d - Inner Flame           Hex/Fire       29%        N/A       3%          3
e - Flame Wave            Conj/Fire      29%        2d9       12%         4
f - Necrotise             Necr           100%       1d9       1%          1
g - Passwall              Tmut/Erth      24%        N/A       1%          2
Your spell library was empty.

Dungeon Overview and Level Annotations

Branches:
Dungeon (1/1)

Altars:
Cheibriados
Dithmenos
Elyvilon
Gozag
Hepliaklqana
Makhleb
Nemelex Xobeh
Okawaru
Qazlal
Ru
Trog
Uskayaw
Wu Jian
Xom
Yredelemnul
Zin
The Shining One
Jiyva
Lugonu


Innate Abilities, Weirdness & Mutations

You are immune to sickness and miasma.
You are immune to poison.
Your flesh is very heat resistant. (rF++)
You are vulnerable to cold. (rC-)
You float through the air rather than walking.
You learn spells naturally, not from books.
Your magical power is your life essence.
You have superior vitality. (+4 MHP)


Message History

The killer bee barely misses you.
Unknown command.
A red film seems to cover your vision as you go berserk!
Cheibriados forces you to slow down.
You feel mighty! The killer bee stings you. x2
You closely miss the killer bee. The killer bee completely misses you.
The queen bee stings you but does no damage.
The killer bee stings you.
You hit the killer bee.
The killer bee is lightly wounded.
The killer bee misses you. The queen bee stings you! The killer bee stings you.
You barely miss the killer bee.
The killer bee is lightly wounded.
The killer bee stings you but does no damage.
The queen bee barely misses you. The killer bee stings you.
You closely miss the killer bee.
The killer bee is lightly wounded.
The killer bee stings you.
You hit the queen bee.
The queen bee is lightly wounded.
The killer bee stings you!
* * * LOW HITPOINT WARNING * * *
You catch the helpless queen bee completely off-guard!
You hit the queen bee.
The queen bee is lightly wounded.
The killer bee closely misses you.
You catch the helpless queen bee completely off-guard!
You hit the queen bee but do no damage.
The queen bee is lightly wounded.
The queen bee closely misses you. The killer bee barely misses you.
The killer bee closely misses you.
You hit the queen bee.
The queen bee is moderately wounded.
The killer bee closely misses you. x2; The queen bee closely misses you.
The killer bee stings you but does no damage.
You barely miss the queen bee.
The queen bee is moderately wounded.
You flicker for a moment.
The killer bee misses you. The queen bee stings you!!
You die...

###############################
#<...#.....#.....#.⌠._._._._.⌠.
#....'.(...'.#...'.._._._._._..
#....#.....#.#...#..._._._._...
###############'##.._._._._._..
♣.......yy@y.#._._._._._.⌠.
y....♣....y#.y.##############
..y ♣..♣..###### + #+#####


You could see a queen bee (unable to see you) and 4 killer bees.

Vanquished Creatures
  A scorpion (D)
  3 oklob saplings (D)
  A river rat (D)
  A rat (D)
6 creatures vanquished.

Vanquished Creatures (others)
  23 foxfires (D)
  7 fungi (D)
30 creatures vanquished.

Grand Total: 36 creatures vanquished

Notes
Turn   | Place    | Note
-------+----------+-------------------------------------------
     0 | D        | rocky1 the Djinni Fire Elementalist began the quest for the
                  | Orb.
     0 | D        | rocky1 set off with the following spells memorised:
                  | Foxfire, Scorch, Kindle Blastsparks, Inner Flame, Flame
                  | Wave.
     0 | D        | Reached XP level 1. HP: 15/15 MP: 0/0
    32 | D        | Reached skill level 3 in Stealth
    32 | D        | Reached XP level 2. HP: 14/21 MP: 0/0
   170 | D        | Noticed an oklob sapling
   172 | D        | Killed an oklob sapling
   173 | D        | Reached skill level 4 in Stealth
   173 | D        | Reached XP level 3. HP: 20/25 MP: 0/0
   173 | D        | Learned a level 1 spell: Necrotise
   176 | D        | Noticed a scorpion
   176 | D        | Found the amulet of invisibility {+Inv}
   179 | D        | Killed a scorpion
   180 | D        | Reached skill level 5 in Stealth
   180 | D        | Reached skill level 5 in Spellcasting
   180 | D        | Reached XP level 4. HP: 16/31 MP: 0/0
   460 | D        | Reached skill level 6 in Stealth
   460 | D        | Reached XP level 5. HP: 31/35 MP: 0/0
   460 | D        | Learned a level 2 spell: Passwall
   480 | D        | Found an opulent altar of Gozag.
   480 | D        | Found a hazy altar of Hepliaklqana.
   480 | D        | Found a burning altar of Makhleb.
   480 | D        | Found a sparkling altar of Nemelex Xobeh.
   480 | D        | Found a snail-covered altar of Cheibriados.
   480 | D        | Found a sacrificial altar of Ru.
   480 | D        | Found a shimmering altar of Xom.
   480 | D        | Found a basalt altar of Yredelemnul.
   481 | D        | Found a viscous altar of Jiyva.
   481 | D        | Found a bloodstained altar of Trog.
   481 | D        | Found an ornate altar of the Wu Jian Council.
   482 | D        | Found an iron altar of Okawaru.
   482 | D        | Found a shadowy altar of Dithmenos.
   482 | D        | Found a glowing silver altar of Zin.
   483 | D        | Found a hide-covered altar of Uskayaw.
   490 | D        | Reached skill level 7 in Stealth
   779 | D        | Found a stormy altar of Qazlal.
   779 | D        | Found a white marble altar of Elyvilon.
   779 | D        | Found a glowing golden altar of the Shining One.
   780 | D        | Found a corrupted altar of Lugonu.
   784 | D        | Became a worshipper of Cheibriados the Contemplative
   805 | D        | Noticed a queen bee
   827 | D        | Mangled by a queen bee

Illustrated notes

Levels and vault maps discovered:
D:        dungeon_sprint_fedhas [sprint_temple]

Skill      XL: |  1  2  3  4  5 |
---------------+----------------+-----
Stealth        | 3 4 5 6 7 |  7.1
Spellcasting   | 3 4 5 6 |  6.3
Dodging        | |  2.1

Action                   |  1- 3 |  4- 6 || total
-------------------------+-------+-------++-------
Melee: Unarmed           |    11 |     9 ||    20
 Cast: Foxfire           |     7 |     6 ||    13
       Scorch            |     5 |     2 ||     7
 Abil: Evoke Invisibilit |       |     1 ||     1
  Use: Potion            |       |     2 ||     2
 Stab: Invisible         |       |     2 ||     2
Armor: Leather armour    |       |     8 ||     8
Dodge: Dodged            |       |    31 ||    31

Table legend: (Time is in decaauts)
 A = Elapsed time spent in this place.
 B = Non-inter-level travel time spent in this place.
 C = Inter-level travel time spent in this place.
 D = Time resting spent in this place.
 E = Time spent auto-exploring this place.
 F = Levels seen in this place.
 G = Mean time per level.
                   A        B        C        D        E       F      G
               +--------+--------+--------+--------+--------+-----+--------+
         Total |    833 |    833 |      0 |    663 |      0 |   1 |  833.0 |
       Dungeon |    833 |    833 |      0 |    663 |      0 |   1 |  833.0 |
               +--------+--------+--------+--------+--------+-----+--------+

Top non-repeatable levels by time:
       D: 833 daAuts
